 Dungeon Crawl Stone Soup version 0.27-a0-1332-g84bddb5ca7 (webtiles) character file.

Game seed: 16193957556653818229

27 Brandom the Sneak (level 2, 0/24 HPs)
             Began as a Demonspawn Delver on June 25, 2021.
             Slain by a white imp (4 damage)
             ... in the Ecumenical Temple.
             The game lasted 00:00:31 (199 turns).

Brandom the Sneak (Demonspawn Delver)                Turns: 199, Time: 00:00:32

Health: 0/24       AC:  3    Str: 12    XL:     2   Next: 93%
Magic:  2/2        EV: 12    Int: 11    God:
Gold:   0          SH:  0    Dex: 14    Spells: 1/1 levels left

rFire    . . .     SeeInvis .   a - +0 falchion
rCold    . . .     Faith    .   (no shield)
rNeg     . . .     Spirit   .   b - +0 leather armour
rPois    .         Reflect  .   (no helmet)
rElec    .         Harm     .   (no cloak)
rCorr    .         Rampage  .   (no gloves)
Will     .....                  (no boots)
Stlth    ++........             (no amulet)
HPRegen  0.08/turn              (no ring)
MPRegen  0.08/turn              (no ring)

@: no status effects
A: claws 1
a: no special abilities


You were in the Ecumenical Temple.
You visited 2 branches of the dungeon, and saw 2 of its levels.

Inventory:

Hand Weapons
 a - a +0 falchion (weapon)
Armour
 b - a +0 leather armour (worn)
Wands
 v - a wand of digging (3)
Scrolls
 c - a scroll of fog
 d - 3 scrolls of magic mapping
 e - a scroll of fear
Potions
 f - a potion of haste {@q3}


   Skills:
 * Level 3.4 Fighting
 * Level 2.3 Long Blades
 + Level 0.7 Armour
 + Level 2.0 Dodging
 - Level 4.5 Stealth


You had one spell level left.
You didn't know any spells.
Your spell library was empty.

Dungeon Overview and Level Annotations

Branches:
Dungeon (5/15)             Temple (1/1) D:5

Altars:
Makhleb


Innate Abilities, Weirdness & Mutations

You have sharp fingernails.


Message History

You hit the bullfrog skeleton. The bullfrog skeleton hits you.
You barely miss the bullfrog skeleton.
The bullfrog skeleton closely misses you.
The bullfrog skeleton hits you but does no damage.
You hit the bullfrog skeleton.
The bullfrog skeleton hits you but does no damage.
You slash the bullfrog skeleton!
You destroy the bullfrog skeleton!
Your Long Blades skill increases to level 2!
Your Dodging skill increases to level 2!
You have reached level 2!
You feel monstrous as your demonic heritage exerts itself.
Your demonic ancestry asserts itself...
Your fingernails lengthen.
Found a scroll of magic mapping.
d - 2 scrolls of magic mapping (gained 1)
Found a short sword.
You see here a +0 short sword.
Found a scroll of magic mapping.
d - 3 scrolls of magic mapping (gained 1)
Found a staircase to the Ecumenical Temple.
A white imp comes into view.
The white imp gestures at you. The puff of frost misses you.
An adder and a centaur come into view.
The adder hisses angrily.
The white imp hits you. The white imp freezes you.
There is a staircase to the Ecumenical Temple here.
Unknown command.
The centaur shouts!
The centaur wields a +0 shortbow.
The centaur shoots an arrow.
The arrow hits you. The adder bites you but does no damage.
The white imp gestures at you. The puff of frost misses you.
You climb downwards.
Welcome to the Ecumenical Temple!
Found a burning altar of Makhleb.
There is a staircase back to the Dungeon here.
Unknown command.
You hit the adder. The adder bites you. The white imp gestures at you.
The puff of frost hits you!
* * * LOW HITPOINT WARNING * * *
The adder closely misses you.
You riposte.
You hit the adder.
Okay, then.
You hit the adder.
You kill the adder!
The white imp hits you.
* * * LOW HITPOINT WARNING * * *
The white imp freezes you.
You die...

## ...##
.....#####
._.......#
.......5.#
.......@.#
####.....#
#.....#
#######


You could see a white imp.

Vanquished Creatures
  A bullfrog skeleton (D:5)
  An adder (Temple)
2 creatures vanquished.

Notes
Turn   | Place    | Note
-------+----------+-------------------------------------------
     0 | D:5      | Brandom the Demonspawn Delver began the quest for the Orb.
     0 | D:5      | Reached XP level 1. HP: 18/18 MP: 1/1
    17 | D:5      | Gained mutation: You have sharp fingernails. [demonic
                  | ancestry]
    17 | D:5      | Reached XP level 2. HP: 16/24 MP: 2/2
   190 | D:5      | Found a staircase to the Ecumenical Temple.
   193 | D:5      | Noticed a centaur
   197 | Temple   | Entered the Ecumenical Temple
   199 | Temple   | Slain by a white imp

Illustrated notes

Levels and vault maps discovered:
D:5:      layout_loops_corners, general_overflow_altar, temple_fountains
Temple:   regret_index_temple_waves

Skill      XL: |  1 |
---------------+----+-----
Long Blades    | 2 |  2.3
Dodging        | 2 |  2.0
Fighting       | |  3.4
Armour         | |  0.7
Stealth        | |  4.5

Action                   || total
-------------------------++-------
Melee: Falchion          ||     8
 Stab: Sleeping          ||     1
Armor: Leather armour    ||     3
Dodge: Dodged            ||     5
       Rpst.: Falchion   ||     1

Table legend: (Time is in decaauts)
 A = Elapsed time spent in this place.
 B = Non-inter-level travel time spent in this place.
 C = Inter-level travel time spent in this place.
 D = Time resting spent in this place.
 E = Time spent auto-exploring this place.
 F = Levels seen in this place.
 G = Mean time per level.
                   A        B        C        D        E       F      G
               +--------+--------+--------+--------+--------+-----+--------+
         Total |    200 |    200 |      0 |      0 |    178 |   2 |  100.0 |
       Dungeon |    198 |    198 |      0 |      0 |    178 |   1 |  198.0 |
        Temple |      1 |      1 |      0 |      0 |      0 |   1 |    1.0 |
               +--------+--------+--------+--------+--------+-----+--------+

Top non-repeatable levels by time:
     D:5: 198 daAuts
  Temple: 1 daAuts
